 Dungeon Crawl Stone Soup version 0.27-a0-448-gace5c5693b (webtiles) character file.

Game seed: 6227089768877949721

52 liquidlegbone the Chopper (level 3, -3/31 HPs)
             Began as a Minotaur Berserker on Feb 27, 2021.
             Was a Believer of Trog.
             Slain by an iguana (12 damage)
             ... on level 2 of the Dungeon.
             The game lasted 00:03:07 (1546 turns).

liquidlegbone the Chopper (Minotaur Berserker)      Turns: 1546, Time: 00:03:08

Health: -3/31      AC:  6    Str: 22    XL:     3   Next: 60%
Magic:  2/2        EV: 11    Int:  4    God:    Trog [**....]
Gold:   65         SH:  0    Dex:  9    Spells: 2/2 levels left

rFire    . . .     SeeInvis .   a - +0 hand axe
rCold    . . .     Faith    .   (no shield)
rNeg     . . .     Spirit   .   f - +0 ring mail
rPois    .         Reflect  .   (helmet restricted)
rElec    .         Harm     .   m - +0 cloak
rCorr    .         Rampage  .   (no gloves)
Will     .....                  (no boots)
Stlth    ..........             (no amulet)
HPRegen  0.10/turn              (no ring)
MPRegen  0.08/turn              (no ring)

@: no status effects
A: retaliatory headbutt, horns 2
a: Renounce Religion, Berserk, Trog's Hand


You were on level 2 of the Dungeon.
You worshipped Trog.
Trog was pleased with you.
You visited 1 branch of the dungeon, and saw 2 of its levels.

You collected 65 gold pieces.

Inventory:

Hand Weapons
 a - a +0 hand axe (weapon)
Armour
 b - a +0 animal skin
 f - a +0 ring mail (worn)
 m - a +0 cloak (worn)
Scrolls
 c - a scroll of magic mapping {unknown}
 d - a scroll of identify {unknown}
 g - a scroll of amnesia {unknown}
 i - a scroll of teleportation {unknown}
 j - a scroll of fear {unknown}
Potions
 e - a potion of mutation {unknown}
 h - 2 potions of lignification {unknown}
 k - a potion of curing {unknown}
 l - a potion of magic {unknown}
 n - a potion of resistance {unknown}


   Skills:
 - Level 3.6 Fighting
 + Level 5.6 Axes
 - Level 2.4 Armour
 - Level 2.1 Dodging


You had 2 spell levels left.
You didn't know any spells.
Your spell library was empty.

Dungeon Overview and Level Annotations

Branches:
Dungeon (2/15)

Altars:


Innate Abilities, Weirdness & Mutations

You reflexively headbutt those who attack you in melee.
You have a pair of horns on your head.


Message History

Trog accepts your kill.
You see here a rat corpse.
A hobgoblin comes into view. It is wielding a +0 club.
The hobgoblin shouts!
The hobgoblin completely misses you.
You hit the hobgoblin.
The hobgoblin is lightly wounded.
The hobgoblin closely misses you. You furiously retaliate!
You headbutt the hobgoblin. You hit the hobgoblin.
You kill the hobgoblin!
Trog accepts your kill.
Found a glowing dark potion.
You see here a +0 club.
Found 13 gold pieces.
n - a glowing dark potion A bat comes into view.
The bat hits you but does no damage.
A bat is nearby!
You hit the bat but do no damage. The bat closely misses you.
You furiously retaliate!
You headbutt the bat!
You kill the bat!
Trog accepts your kill.
You see here a bat corpse.
You now have 65 gold pieces (gained 13).
An iguana comes into view.
An iguana is nearby!
The iguana hisses angrily.
You barely miss the iguana. The iguana barely misses you.
You hit the iguana.
The iguana is lightly wounded.
The iguana bites you!
You hit the iguana but do no damage.
The iguana is lightly wounded.
The iguana bites you!
* * * LOW HITPOINT WARNING * * *
You hit the iguana. You headbutt the iguana.
The iguana is heavily wounded.
The iguana bites you!
You die...

...# #.# #...# ##.###.#
#####...#####
##.....####.......)....#
##.####...............#.
##.# #.###.........(..#
##.## #.# ###.#...#.####
....# #.# #.#...#.# ###)#
#.# #.#.l.#.# # #.# #.#
#.#.@.# # # #.# #.#
#.##.##.# ..#†###.##
#.......#
....<....#######.#####
#.#.#.......## #.....####
....#........#####.#....#
#.###................##.#
.. #.....(..###.....##.#
# #[......## #†######.#


You could see an iguana.

Vanquished Creatures
  An adder (D:2)
  An ooze (D:2)
  A leopard gecko (D:2)
  2 giant cockroaches (D:1)
  4 hobgoblins
  2 quokkas (D:2)
  A ball python (D:2)
  5 bats
  4 frilled lizards
  4 goblins (D:2)
  5 kobolds
  9 rats
39 creatures vanquished.

Notes
Turn   | Place    | Note
-------+----------+-------------------------------------------
     0 | D:1      | liquidlegbone the Minotaur Berserker began the quest for
                  | the Orb.
     0 | D:1      | Reached XP level 1. HP: 19/19 MP: 0/0
    63 | D:1      | Reached skill level 4 in Axes
   378 | D:1      | Reached XP level 2. HP: 25/26 MP: 1/1
  1085 | D:2      | Reached skill level 5 in Axes
  1085 | D:2      | Reached XP level 3. HP: 31/31 MP: 2/2
  1336 | D:2      | Reached ** piety under Trog
  1546 | D:2      | Slain by an iguana

Illustrated notes

Levels and vault maps discovered:
D:1:      dpeg_arrival_shelter, layout_rooms, grunt_decor_junction
D:2:      layout_loops_cross

Skill      XL: |  1  2 |
---------------+-------+-----
Axes           | 4 5 |  5.6
Fighting       | |  3.6
Armour         | |  2.4
Dodging        | |  2.1

Action                   || total
-------------------------++-------
Melee: Hand axe          ||    66
       Headbutt          ||    10
Invok: Berserk           ||     1
Armor: Animal skin       ||     9
       Ring mail         ||    17
Dodge: Dodged            ||    56

Table legend: (Time is in decaauts)
 A = Elapsed time spent in this place.
 B = Non-inter-level travel time spent in this place.
 C = Inter-level travel time spent in this place.
 D = Time resting spent in this place.
 E = Time spent auto-exploring this place.
 F = Levels seen in this place.
 G = Mean time per level.
                   A        B        C        D        E       F      G
               +--------+--------+--------+--------+--------+-----+--------+
         Total |   1563 |   1552 |     11 |    773 |    472 |   2 |  781.5 |
       Dungeon |   1563 |   1552 |     11 |    773 |    472 |   2 |  781.5 |
               +--------+--------+--------+--------+--------+-----+--------+

Top non-repeatable levels by time:
     D:1: 1077 daAuts
     D:2: 486 daAuts
